Map: Bel'Shir Vestige LE (Void)

Players

ArT

  • Race: Protoss Protoss
  • Spawn Location: 11:00

Namshar - Winner!

  • Race: Zerg Zerg
  • Spawn Location: 5:00

Event: IEM XI Katowice - World Championship 2017

VOD

Have the link to the VOD?

Description

Time

  • Played on: Feb. 28, 2017, 11:47 a.m.
  • Length: 9:42

All games in this series

Show
View Real Time Build Order
Export as new Build Order

ArT Protoss 

Build Orders: 1 Gate Expand 

Get SALT Encoding   

  12  0:00  Probe (Chrono Boost)  
  13  0:11  Probe (Chrono Boost)  
  14  0:19  Pylon  
  14  0:22  Probe (Chrono Boost)  
  15  0:37  Probe (Chrono Boost)  
  15  0:40  Gateway  
  16  0:44  Assimilator  
  16  0:48  Probe (Chrono Boost)  
  17  0:58  Probe (Chrono Boost)  
  18  1:09  Probe (Chrono Boost)  
  19  1:22  Nexus  
  19  1:25  Probe (Chrono Boost)  
  20  1:33  Cybernetics Core  
  20  1:36  Probe (Chrono Boost)  
  21  1:41  Assimilator  
  21  1:46  Probe (Chrono Boost)  
  22  1:51  Pylon  
  22  1:57  Probe (Chrono Boost)  
  23  2:06  Adept  
  23  2:10  Warp Gate  
  23  2:11  Probe (Chrono Boost)  
  26  2:18  Twilight Council  
  27  2:23  Probe (Chrono Boost)  
  27  2:29  Stalker  
  27  2:35  Probe (Chrono Boost)  
  31  2:37  Probe (Chrono Boost)  
  31  2:46  Probe (Chrono Boost)  
  31  2:49  Probe (Chrono Boost)  
  33  2:54  Resonating Glaives  
  33  2:57  Probe (Chrono Boost)  
  34  3:00  Probe (Chrono Boost)  
  35  3:08  Probe (Chrono Boost)  
  35  3:09  Gateway  
  35  3:10  Gateway, Probe (Chrono Boost)  
  37  3:23  Robotics Facility  
  37  3:25  Probe x2 (Chrono Boost)  
  39  3:31  Pylon  
  39  3:33  Adept  
  41  3:35  Probe (Chrono Boost)  
  41  3:36  Probe (Chrono Boost)  
  43  3:45  Pylon  
  43  3:46  Probe (Chrono Boost)  
  43  3:47  Probe (Chrono Boost)  
  45  3:56  Pylon  
  45  4:02  Assimilator, Mothership Core (Chrono Boost)  
  46  4:03  Probe (Chrono Boost)  
  46  4:05  Assimilator  
  46  4:06  Warp Prism  
  49  4:17  Probe (Chrono Boost)  
  49  4:18  Adept x3  
  56  4:24  Probe (Chrono Boost)  
  56  4:26  Pylon  
  56  4:29  Probe (Chrono Boost)  
  57  4:35  Probe (Chrono Boost)  
  58  4:39  Adept x2  
  62  4:46  Adept  
  62  4:47  Observer  
  62  4:48  Nexus  
  62  4:49  Pylon  
  65  4:56  Pylon  
  65  5:04  Blink  
  65  5:06  Adept  
  67  5:07  Adept  
  67  5:08  Sentry  
  67  5:09  Immortal  
  73  5:15  Probe (Chrono Boost)  
  76  5:23  Pylon  
  76  5:30  Sentry x2  
  76  5:33  Gateway  
  80  5:35  Gateway  
  80  5:40  Gateway  
  80  5:42  Sentry  
  82  5:47  Immortal  
  82  5:53  Gateway  
  86  5:57  Gateway  
  86  6:02  Sentry  
  86  6:03  Sentry  
  90  6:07  Probe (Chrono Boost)  
  90  6:08  Probe (Chrono Boost)  
  90  6:10  Probe (Chrono Boost)  
  93  6:15  Pylon  
  93  6:18  Stalker  
  96  6:20  Probe (Chrono Boost)  
  96  6:21  Probe (Chrono Boost)  
  96  6:23  Probe (Chrono Boost)  
  98  6:38  Stalker x2  
  102  6:45  Stalker  
  104  6:49  Probe (Chrono Boost)  
  104  6:50  Probe (Chrono Boost)  
  106  6:58  Probe (Chrono Boost)  
  106  6:59  Adept  
  106  7:01  Pylon, Probe (Chrono Boost)  
  110  7:04  Pylon  
  110  7:06  Pylon  
  110  7:12  Stalker  
  110  7:13  Stalker x2  
  116  7:19  Pylon  
  116  7:20  Pylon  
  116  7:23  Stalker  
  116  7:24  Stalker x4  
  116  7:29  Pylon, Probe x3 (Chrono Boost)  
  129  7:32  Pylon  
  129  7:51  Stalker x5  
  129  7:52  Stalker  
  129  7:54  Stalker  
  129  7:57  Stalker  
  145  8:17  Stalker x5  
  145  8:18  Stalker x2  
  149  8:25  Stalker  
  151  8:29  Assimilator, Pylon  
  153  8:34  Probe x2 (Chrono Boost)  
  141  8:42  Stalker x3  
  141  8:43  Stalker x4  
  127  8:52  Stalker  
  89  9:03  Stalker  
  77  9:12  Probe (Chrono Boost)  
  77  9:13  Stalker x5  
  77  9:14  Stalker  
  90  9:21  Stalker  
  88  9:25  Assimilator, Stalker  
  84  9:36  Pylon  
Show
View Real Time Build Order
Export as new Build Order

Namshar Zerg - Winner!

Build Orders: Hatch First 

Get SALT Encoding   

  12  0:00  Drone  
  13  0:12  Overlord  
  13  0:17  Drone  
  14  0:30  Drone x2  
  14  0:34  Drone  
  17  0:50  Hatchery  
  17  0:53  Drone  
  17  0:56  Drone  
  18  1:07  Extractor  
  18  1:11  Spawning Pool  
  16  1:14  Drone  
  16  1:17  Drone  
  18  1:27  Drone  
  19  1:38  Overlord  
  19  1:49  Drone  
  20  1:58  Queen  
  20  2:00  Zergling x2  
  23  2:02  Queen, Drone  
  23  2:07  Metabolic Boost  
  26  2:10  Drone  
  26  2:13  Drone  
  28  2:21  Drone  
  29  2:24  Drone  
  30  2:32  Drone  
  30  2:34  Drone  
  30  2:36  Hatchery  
  31  2:41  Queen  
  33  2:45  Overlord  
  33  2:49  Zergling x2  
  34  2:56  Overlord  
  34  3:03  Drone  
  35  3:08  Zergling x4  
  35  3:10  Drone x6  
  43  3:16  Queen  
  43  3:19  Overlord  
  45  3:29  Drone  
  45  3:30  Drone  
  45  3:32  Roach Warren  
  46  3:37  Drone  
  46  3:39  Drone x2  
  49  3:43  Spore Crawler  
  49  3:44  Drone x4  
  49  3:48  Spore Crawler  
  51  3:52  Drone x2  
  52  4:00  Drone x4  
  55  4:06  Extractor  
  55  4:07  Extractor  
  55  4:09  Drone  
  54  4:10  Drone  
  54  4:11  Overlord  
  54  4:12  Overlord  
  54  4:13  Lair  
  55  4:17  Drone x2  
  55  4:20  Overlord  
  57  4:25  Overlord  
  57  4:29  Roach x2  
  61  4:34  Roach  
  63  4:39  Roach  
  63  4:44  Overlord x2  
  65  4:46  Roach x2  
  65  4:52  Roach x2  
  73  4:55  Roach  
  73  4:58  Roach  
  77  5:00  Overlord x2  
  77  5:05  Roach  
  79  5:08  Roach  
  79  5:09  Roach  
  79  5:10  Roach  
  79  5:12  Overlord x2  
  84  5:18  Roach x2  
  84  5:19  Overlord  
  89  5:21  Drone x3  
  89  5:22  Drone  
  89  5:27  Drone x3  
  95  5:28  Glial Reconstitution  
  95  5:32  Evolution Chamber  
  95  5:33  Drone  
  95  5:36  Drone x2  
  97  5:48  Roach x4  
  102  5:50  Drone x2  
  102  5:56  Drone x5  
  108  5:58  Extractor  
  108  5:59  Drone  
  108  6:00  Extractor x2  
  108  6:01  Zerg Missile Weapons Level 1, Drone x2  
  108  6:07  Drone x3  
  108  6:10  Drone  
  112  6:19  Overlord x2  
  112  6:20  Overseer  
  112  6:21  Roach x2  
  112  6:22  Roach  
  118  6:31  Drone  
  118  6:32  Drone x5  
  118  6:33  Roach x2  
  121  6:44  Queen  
  121  6:45  Drone  
  122  6:48  Drone x2  
  122  6:49  Drone  
  122  6:51  Roach x3  
  131  6:57  Overlord x2  
  131  6:58  Roach  
  131  6:59  Roach  
  131  7:00  Ravager x2  
  131  7:01  Ravager x3  
  140  7:04  Overlord  
  140  7:05  Overlord  
  140  7:08  Spine Crawler  
  139  7:09  Spine Crawler, Roach  
  139  7:13  Ravager x2  
  142  7:18  Drone  
  142  7:20  Drone  
  142  7:21  Overlord  
  144  7:24  Ravager  
  144  7:25  Roach, Ravager  
  148  7:32  Roach  
  148  7:33  Overlord, Roach x3  
  155  7:44  Ravager  
  155  7:45  Ravager  
  155  7:51  Roach x5  
  159  8:01  Roach x7  
  165  8:14  Roach x6  
  171  8:25  Ravager  
  171  8:26  Zergling x2, Ravager x2  
  165  8:27  Zergling x4  
  165  8:30  Zergling x6  
  165  8:31  Zergling x8, Hatchery  
  166  8:47  Roach  
  166  8:48  Roach x4  
  155  8:51  Hatchery  
  130  8:56  Roach x3  
  130  9:01  Roach x4  
  132  9:06  Roach x6  
  137  9:16  Roach x2  
  141  9:21  Roach  
  141  9:22  Roach x2  

Tags
 
Add a new tag
Caveats
  • Supply blocks, unpowered buildings, or Contaminate may cause inaccurate times.
  • Supply counts are checked every 10 seconds.